 Dungeon Crawl Stone Soup version 0.25.1-2-g60ff931df9 (webtiles) character file.

Game seed: 8411195170524918784

11863 Delamore the Basher (level 11, -1/60 HPs)
             Began as a Gargoyle Fighter on Aug 17, 2020.
             Was a High Priest of Okawaru.
             Slain by a seven-headed hydra (5 damage)
             ... on level 3 of the Lair of Beasts.
             The game lasted 00:13:05 (11992 turns).

Delamore the Basher (Gargoyle Fighter)             Turns: 11992, Time: 00:13:05

Health: -1/60      AC: 25    Str: 23    XL:     11   Next: 84%
Magic:  11/11      EV: 11    Int:  9    God:    Okawaru [*****.]
Gold:   670        SH: 13    Dex:  9    Spells: 10/10 levels left

rFire    . . .     SeeInvis .   a - +0 flail
rCold    . . .     Gourm    .   c - +0 kite shield
rNeg     + . .     Faith    .   l - +0 chain mail
rPois    ∞         Spirit   .   w - +2 helmet
rElec    +         Reflect  .   I - scarf {+Inv}
rCorr    .         Harm     .   (no gloves)
MR       .....                  g - +0 pair of boots
Stlth    ..........             (no amulet)
HPRegen  0.20/turn              D - +4 ring of evasion
MPRegen  0.12/turn              y - +4 ring of protection

@: mighty
A: negative energy resistance 1, electricity resistance, unbreathing,
petrification resistance, rot immunity, AC +8
a: Heroism, Finesse, Renounce Religion, Evoke Invisibility


You were on level 3 of the Lair of Beasts.
You worshipped Okawaru.
Okawaru was extremely pleased with you.
You were near starving.

You visited 3 branches of the dungeon, and saw 13 of its levels.
You also visited: Sewer.

You collected 670 gold pieces.

Inventory:

Hand Weapons
 a - a +0 flail (weapon)
Missiles
 h - 5 datura-tipped darts
 M - a javelin (quivered)
Armour
 c - a +0 kite shield (worn)
 g - a +0 pair of boots (worn)
 l - a +0 chain mail (worn)
 w - a +2 helmet (worn)
 I - a scarf of invisibility (worn)
Jewellery
 e - an uncursed ring of flight
 x - an uncursed ring of protection from cold
 y - a +4 ring of protection (right hand)
 D - a +4 ring of evasion (left hand)
Wands
 u - a wand of random effects (24)
 A - a wand of paralysis (24)
 G - a wand of enslavement (16)
Scrolls
 j - a scroll of magic mapping
 k - a scroll of summoning {unknown}
 m - 7 scrolls of remove curse
 n - 4 scrolls of amnesia
 o - 2 scrolls of enchant weapon
 q - a scroll of identify
 r - 4 scrolls of fear
 v - a scroll of immolation {unknown}
 B - 3 scrolls of enchant armour
 E - a scroll of teleportation
 H - a scroll of blinking {unknown}
 J - a scroll of silence
Potions
 b - a potion of magic {unknown}
 d - a potion of might
 i - a potion of brilliance {unknown}
 p - 5 potions of flight {unknown}
 s - 3 potions of stabbing {unknown}
 t - 3 potions of lignification
 z - 5 potions of haste
 C - a potion of ambrosia
 L - a potion of cancellation {unknown}
Comestibles
 f - 19 rations


   Skills:
 - Level 3.2 Fighting
 - Level 14.0 Maces & Flails
 - Level 3.2 Armour
 + Level 12.8 Shields


You had 10 spell levels left.
You didn't know any spells.
Your spell library contained the following spells:

 Spells                   Type           Power        Failure   Level  Hunger
 Corona                   Hex            #......      99%         1    ##.....
 Freeze                   Ice            #...         99%         1    ##.....
 Ensorcelled Hibernation  Hex/Ice        #.....       100%        2    ###....
 Confusing Touch          Hex            #.......     100%        3    ####...
 Dazzling Flash           Conj/Hex       #.....       100%        3    ####...
 Frozen Ramparts          Ice            #.....       100%        3    ####...
 Ozocubu's Armour         Chrm/Ice       #.......     100%        3    ####...
 Tukima's Dance           Hex            #.......     100%        3    ####...
 Hailstorm                Conj/Ice       #.......     100%        4    #####..
 Summon Ice Beast         Ice/Summ       #.......     100%        4    #####..


Dungeon Overview and Level Annotations

Branches:
Dungeon (9/15)             Temple (1/1) D:5            Lair (2/6) D:9
  Sewer (visited)
  Swamp: Lair:2-4    Shoals: Lair:2-4     Snake: Lair:2-4    Spider: Lair:2-4
    Orc: D:9-12

Altars:
Ashenzari
Cheibriados
Dithmenos
Elyvilon
Fedhas
Gozag
Hepliaklqana
Kikubaaqudgha
Makhleb
Nemelex Xobeh
Okawaru
Qazlal
Ru
Sif Muna
Trog
Uskayaw
Vehumet
Wu Jian
Xom
Yredelemnul
Zin
The Shining One

Annotations:
Lair:2 exclusion: 2 oklob plants


Innate Abilities, Weirdness & Mutations

You are resistant to torment.
Your stone body is resilient. (AC +8)
You are immune to poison.
You resist negative energy. (rN+)
You are resistant to electric shocks. (rElec)
You can survive without breathing.
You are immune to petrification.
You are immune to rotting.


Message History

The seven-headed hydra bites you!
* * * LOW HITPOINT WARNING * * *
The seven-headed hydra barely misses you.
You block the seven-headed hydra's attack.
The seven-headed hydra bites you.
* * * LOW HITPOINT WARNING * * *
You block the seven-headed hydra's attack.
The seven-headed hydra completely misses you.
The seven-headed hydra bites you but does no damage.
Okay, then.
You block the hippogriff's attack. The hippogriff misses you.
You block the hippogriff's attack.
You feel very mighty all of a sudden.
The seven-headed hydra bites you but does no damage.
You block the seven-headed hydra's attack.
The seven-headed hydra closely misses you.
You block the seven-headed hydra's attack.
The seven-headed hydra closely misses you.
The seven-headed hydra bites you.
You die...

#.#.#...# #...........
........# #....#......
#.#.#...# #...##......
........## ##...#.......
.#......†### #......##.##.
........##.######.....###...
.........#..#.#.............
..........HF................
###...#...#@##..####.#####.#
#.######D#.#### ### ### ##
#####


You could see a seven-headed hydra, a hippogriff and a bullfrog.

Vanquished Creatures
  2 spiny frogs (Lair:2)
  2 komodo dragons
  A hornet (D:7)
  4 hippogriffs
  4 blink frogs
  A wyvern (D:8)
  25 yaks
  2 basilisks (Lair:1)
  Menkaure (D:4)
  3 water moccasins
  5 porcupines
  A floating eye (Lair:2)
  A black bear (Lair:1)
  4 orc warriors
  2 sky beasts
  5 ogres
  2 ice beasts (D:7)
  A centaur (D:8)
  5 crocodiles
  2 big kobolds
  6 bullfrogs
  A water moccasin skeleton (D:7)
  3 scorpions
  7 wights
  4 killer bees (D:7)
  An electric eel (Lair:1)
  A howler monkey (D:5)
  A crimson imp (D:7)
  A centaur zombie (D:5)
  4 orc priests
  A bullfrog skeleton (D:5)
  9 hounds
  2 jellies (D:6)
  4 orc wizards
  A gnoll shaman (D:6)
  Terence (D:3)
  3 worker ants
  A worker ant zombie (D:6)
  Robin (D:3)
  4 gnolls (D:6)
  2 howler monkey skeletons
  21 adders
  A river rat (Sewer)
  A shadow imp (D:7)
  An ooze (D:2)
  An adder skeleton (D:2)
  4 worms
  3 dart slugs
  6 leopard geckos
  21 orcs
  6 bats
  6 giant cockroaches
  10 hobgoblins
  17 jackals
  3 quokkas
  5 ball pythons
  3 frilled lizards (D:2)
  16 goblins
  A jackal zombie (D:6)
  15 kobolds
  A leopard gecko zombie (D:8)
  A quokka skeleton (D:4)
  9 rats
283 creatures vanquished.

Vanquished Creatures (others)
  7 plants
7 creatures vanquished.

Grand Total: 290 creatures vanquished

Notes
Turn   | Place    | Note
-------+----------+-------------------------------------------
     0 | D:1      | Delamore the Gargoyle Fighter began the quest for the Orb.
     0 | D:1      | Reached XP level 1. HP: 14/14 MP: 1/1
   128 | D:1      | Reached XP level 2. HP: 19/19 MP: 2/2
   211 | D:1      | Reached skill level 3 in Maces & Flails
   691 | D:2      | Reached XP level 3. HP: 23/23 MP: 3/3
   883 | D:2      | Found a stormy altar of Qazlal.
   893 | D:2      | Found a shimmering altar of Xom.
   984 | D:2      | Reached skill level 4 in Maces & Flails
  1021 | D:2      | Reached XP level 4. HP: 28/28 MP: 4/4
  1561 | D:2      | Reached skill level 5 in Maces & Flails
  1561 | D:2      | Reached XP level 5. HP: 25/32 MP: 5/5
  2013 | D:3      | Noticed Robin
  2295 | D:3      | Killed Robin
  2529 | D:3      | Noticed Terence
  2538 | D:3      | Killed Terence
  2538 | D:3      | Reached skill level 6 in Maces & Flails
  2538 | D:3      | Reached XP level 6. HP: 37/37 MP: 6/6
  2606 | D:3      | Found a sacrificial altar of Ru.
  2734 | D:3      | Found a faded altar of an unknown god.
  2876 | D:4      | Reached skill level 7 in Maces & Flails
  2967 | D:4      | You fall into a shaft and drop 3 floors!
  3022 | D:7      | Reached XP level 7. HP: 40/41 MP: 7/7
  3271 | D:5      | Entered Level 5 of the Dungeon
  3337 | D:6      | Reached skill level 8 in Maces & Flails
  3463 | D:6      | Reached skill level 9 in Maces & Flails
  3463 | D:6      | Reached XP level 8. HP: 10/46 MP: 8/8
  3471 | D:6      | Found a glowing drain.
  3476 | D:6      | HP: 1/46 [scorpion (5)]
  3501 | Sewer    | Entered a sewer
  3828 | Sewer    | Found a white marble altar of Elyvilon.
  4134 | D:4      | Noticed Menkaure
  4144 | D:4      | Killed Menkaure
  4144 | D:4      | Reached skill level 10 in Maces & Flails
  4612 | D:4      | Found a glowing silver altar of Zin.
  4803 | D:5      | Found a bloodstained altar of Trog.
  4843 | D:5      | Found a staircase to the Ecumenical Temple.
  4854 | Temple   | Entered the Ecumenical Temple
  5016 | Temple   | Became a worshipper of Warmaster Okawaru
  5703 | D:6      | Reached skill level 11 in Maces & Flails
  5747 | D:6      | Reached XP level 9. HP: 51/51 MP: 9/9
  6174 | D:7      | Reached * piety under Okawaru
  6326 | D:7      | Reached skill level 12 in Maces & Flails
  6839 | D:7      | Found a hazy altar of Hepliaklqana.
  7122 | D:8      | Reached ** piety under Okawaru
  7142 | D:8      | Reached skill level 13 in Maces & Flails
  7498 | D:8      | Reached XP level 10. HP: 56/56 MP: 10/10
  8155 | D:8      | Reached *** piety under Okawaru
  8155 | D:8      | Received a gift from Okawaru
  8160 | D:8      | Reached skill level 5 in Shields
  8362 | D:9      | Found a glowing golden altar of the Shining One.
  8609 | D:8      | Reached skill level 14 in Maces & Flails
  8754 | D:9      | Found a staircase to the Lair.
  8805 | D:9      | Reached **** piety under Okawaru
  9239 | Lair:1   | Entered Level 1 of the Lair of Beasts
  9286 | Lair:1   | Reached XP level 11. HP: 45/60 MP: 11/11
  9516 | Lair:1   | Reached ***** piety under Okawaru
  9644 | Lair:1   | Reached skill level 10 in Shields
  9918 | Lair:1   | Received a gift from Okawaru
 10939 | Lair:2   | Noticed an oklob plant
 10942 | Lair:2   | Paralysed by a floating eye for 4 turns
 10960 | Lair:2   | Paralysed by a floating eye for 3 turns
 10964 | Lair:2   | Paralysed by a floating eye for 2 turns
 11044 | Lair:2   | Received a gift from Okawaru
 11098 | Lair:2   | HP: 1/60 [crocodile (10)]
 11711 | Lair:2   | Noticed an oklob plant
 11885 | Lair:2   | You fall into a shaft and drop 1 floor!
 11962 | Lair:3   | Noticed a seven-headed hydra
 11990 | Lair:3   | HP: 3/60 [seven-headed hydra (3)]
 11992 | Lair:3   | Slain by a seven-headed hydra

Illustrated notes

Levels and vault maps discovered:
D:1:      minmay_arrival_stair_chambers, layout_rooms, kennysheep_boxes
D:2:      layout_loops_corners, grunt_temple_overflow_open, minmay_snake_closets
D:3:      layout_rooms, nicolae_ru_path_of_blood, first_ration,
          chequers_ecumenical_altar_lobes, uniq_robin, uniq_terence
D:4:      layout_loops_ring, marbit_many_paths, minmay_fractal_squares_5,
          uniq_menkaure
D:5:      layout_gridville, bloody_trog, temple_fountains
D:6:      layout_basic, cheibrodos_sewer_entry_bend, grunt_decor_resistance
D:7:      layout_basic, lemuel_coloured_pillars_altar
D:8:      layout_cave_pools
D:9:      layout_rooms, david_lair_shrubbed, basic_altar
Temple:   regret_index_temple_sphere_string
Lair:1:   layout_chaotic_city, serial_bayou_ford_a, infiniplex_staircase_pool_2
Lair:2:   layout_cave_pods, roderic_batcave, fungi_pond_lemuel, disabler_island,
          grunt_megastairs_2
Lair:3:   layout_regular_city, minmay_swamp_entry_wisps,
          minmay_snake_entry_six_corridors, minivault_27, st_stairs_8,
          chequers_serial_rivers_micro_a, grunt_megastairs_5

Skill      XL: |  1  2  3  4  5  6  7  8  9 10 11 |
---------------+----------------------------------+-----
Maces & Flails | 3 4 5 6 7 9 11 13 14 | 14.0
Shields        | 9 12 | 12.8
Fighting       | |  3.2
Armour         | |  3.2

Action                   |  1- 3 |  4- 6 |  7- 9 | 10-12 || total
-------------------------+-------+-------+-------+-------++-------
Melee: Flail             |   104 |   298 |   582 |   724 ||  1708
Throw: Javelin           |       |       |       |     4 ||     4
       Dart              |       |       |       |     1 ||     1
Invok: Heroism           |       |       |       |     1 ||     1
 Abil: Evoke Invisibilit |       |       |       |     2 ||     2
Evoke: Wand              |       |     2 |       |       ||     2
  Use: Potion            |       |       |     4 |     8 ||    12
       Scroll            |       |       |    11 |     2 ||    13
 Stab: Paralysed         |       |     2 |       |       ||     2
       Invisible         |       |       |       |     8 ||     8
  Eat: Chunk             |     1 |     6 |    16 |    14 ||    37
Armor: Scale mail        |    57 |    50 |       |       ||   107
       Chain mail        |       |   232 |   373 |   397 ||  1002
       Skin              |       |       |    21 |       ||    21
Dodge: Dodged            |    31 |    84 |   161 |   303 ||   579
Block: Kite shield       |    70 |   182 |   253 |   479 ||   984
